 Dungeon Crawl Stone Soup version 0.18.1-48-g4cf74bf (webtiles) character file.

10280 Necrotakul the Timeless (level 11, -7/105 HPs)
             Began as a Troll Monk on July 22, 2016.
             Was a High Priest of Cheibriados.
             Mangled by a minotaur (9 damage)
             ... in a labyrinth on Aug 1, 2016.
             The game lasted 00:38:21 (9464 turns).

Necrotakul the Timeless (Troll Monk)                Turns: 9464, Time: 00:38:22

Health: -7/105     AC:  9    Str: 35    XL:     11   Next: 34%
Magic:  16/16      EV: 17    Int: 17    God:    Cheibriados [*****.]
Gold:   582        SH:  3    Dex: 23    Spells: 2 memorised, 16 levels left

rFire  . . .     SeeInvis .       - Unarmed
rCold  + . .     Gourm    +     K - +2 robe {rC+}
rNeg   . . .     Faith    .     (no shield)
rPois  +         Spirit   .     (helmet restricted)
rElec  .         Dismiss  .     q - +1 cloak
rCorr  .         Reflect  +     (gloves unavailable)
SustAt .         Harm     .     (boots unavailable)
MR     +....                    i - +3 amulet of reflection
Stlth  ++........               F - ring of poison resistance
                                d - ring of protection from magic

@: very slow, somewhat resistant to hostile enchantments, unstealthy
A: unfitting armour, claws 3, fast metabolism 3, gourmand, regeneration 2,
shaggy fur 1, tough skin 2
a: Bend Time, Temporal Distortion, Slouch, Step From Time, Renounce Religion


You were in a labyrinth.
You worshipped Cheibriados.
Cheibriados was extremely pleased with you.
You were not hungry.

You visited 3 branches of the dungeon, and saw 13 of its levels.
You also visited: Labyrinth.

You collected 582 gold pieces.

Inventory:

Armour
 q - a +1 cloak (worn)
 K - a +2 robe of cold resistance (worn)
Jewellery
 d - a ring of protection from magic (left claw)
 i - a +3 amulet of reflection (around neck)
 l - an uncursed ring of sustain attributes
 F - a ring of poison resistance (right claw)
Wands
 a - a wand of iceblast (3/15)
 h - a wand of enslavement (4/24)
 I - a wand of lightning (3/15)
 J - a wand of digging (14/24)
 L - a wand of iceblast (15/15)
 N - a wand of lightning (1/15)
Scrolls
 e - a scroll of amnesia
 g - a scroll of recharging
 k - 8 scrolls of remove curse
 x - a scroll of enchant armour
 E - a scroll of enchant weapon {unknown}
 G - a scroll of blinking {unknown}
 H - 4 scrolls of teleportation
Potions
 c - 4 potions of brilliance
 f - 7 potions of curing
 j - a potion of experience {unknown}
 m - 2 potions of agility
 o - 2 potions of flight
 s - a potion of heal wounds {unknown}
 z - a potion of resistance {unknown}
 A - 2 potions of might {unknown}
 P - a potion of cure mutation {unknown}
Comestibles
 b - 7 bread rations
 n - 4 meat rations
 u - 11 slices of pizza
 v - 8 fruits


   Skills:
 - Level 6.0 Fighting
 - Level 7.6 Dodging
 - Level 1.1 Stealth
 - Level 7.6 Unarmed Combat
 - Level 4.4 Spellcasting
   Level 3.0 Necromancy
 + Level 9.1 Invocations


You had 16 spell levels left.
You knew the following spells:

 Your Spells              Type           Power        Failure   Level  Hunger
b - Apportation           Tloc           #.........   17%         1    None
c - Summon Butterflies    Summ           #.......     17%         1    None


Dungeon Overview and Level Annotations

Branches:
Dungeon (11/15)            Temple (1/1) D:6            Lair (1/8) D:9
    Orc (0/2) D:11

Altars:
Ashenzari
Cheibriados
Dithmenos
Elyvilon
Fedhas
Gozag
Kikubaaqudgha
Makhleb
Nemelex Xobeh
Okawaru
Pakellas
Qazlal
Ru
Sif Muna
Trog
Vehumet
Xom
Yredelemnul
Zin
The Shining One

Shops:
D:11 [


Innate Abilities, Weirdness & Mutations

You are too large for most types of armour.
You have claws for hands.
Your metabolism is lightning-fast.
You like to eat raw meat.
You heal very quickly.
You are covered in fur (AC +1).
You have very tough skin (AC +2).


Message History

The minotaur is severely wounded.
The minotaur completely misses you. The minotaur barely misses you.
You claw the minotaur!
The minotaur is severely wounded.
The minotaur hits you!! The minotaur gores you!
* * * LOW HITPOINT WARNING * * *
You block the minotaur's attack. The minotaur gores you!
* * * LOW HITPOINT WARNING * * *
You swap places.
The minotaur completely misses your butterfly.
The minotaur gores your butterfly!
Your butterfly dies!
You claw the minotaur!
The minotaur is almost dead.
You scratch the minotaur.
The minotaur is almost dead.
The minotaur hits you!!
* * * LOW HITPOINT WARNING * * *
The minotaur gores you!
You die...

/.. ....#.... #
......#.#####.#
...### . . ..
#.# # .#..
.###.# #.#
..#..#... .
...# ##.# ##
.#.# #b# ...
#.... #.# ##
#...## .###.###
.# # . #.H@..#
. # #.
.#.#b#b### # #
# # #.# # .#
###b### # ..#.#
# # .#<# # #(.
# . ### . #. .#


You could see a minotaur.

Vanquished Creatures
  The ghost of rastmirit the Blocker, a novice HaFi of Okawaru (D:9)
  A hill giant (D:10)
  Pikel (D:9)
  A spiny frog (D:9)
  A centaur skeleton (D:10)
  A troll (D:9)
  A minotaur skeleton (Lab)
  2 wyverns
  A human (D:7)
  4 yaks
  4 redbacks (Lab)
  A hippogriff (D:7)
  A steam dragon (D:9)
  4 basilisks (Lab)
  6 hungry ghosts
  Menkaure (D:7)
  An ice beast (D:8)
  4 sky beasts
  6 orc warriors
  A black bear (D:7)
  A phantom (D:11)
  2 crocodiles (D:9)
  5 centaurs
  5 ogres
  A big kobold (D:6)
  4 giant frogs
  A scorpion (D:5)
  6 killer bees (D:10)
  4 wights (D:10)
  2 electric eels
  6 crimson imps
  A giant frog skeleton (D:4)
  3 hounds
  8 orc wizards
  A jelly (D:7)
  A quasit (D:9)
  Crazy Yiuf (D:7)
  7 orc priests
  Terence (D:3)
  3 iguanas
  4 worker ants
  4 sheep (D:7)
  A howler monkey zombie (D:7)
  14 adders
  2 river rats (D:9)
  2 shadow imps
  4 adder zombies
  An adder skeleton (D:10)
  A worm (D:2)
  A giant gecko (D:10)
  26 orcs
  17 bats
  5 giant cockroaches
  4 goblins
  10 hobgoblins
  4 jackals (D:9)
  11 kobolds
  3 quokkas
  2 ball pythons
  2 giant gecko zombies
  2 giant newts
  2 quokka skeletons
  A quokka zombie (D:5)
  12 rats
  A fungus (D:7)
242 creatures vanquished.

Vanquished Creatures (collateral kills)
  An orc priest (D:8)
  An orc (D:8)
2 creatures vanquished.

Vanquished Creatures (others)
  2 slaves (D:9)
  A giant frog (D:9)
  An orc priest (D:9)
  2 orc wizards (D:9)
  A worker ant zombie (D:9)
  An orc (D:9)
  A butterfly (D:6)
  13 fungi (D:9)
  2 plants (D:9)
24 creatures vanquished.

Grand Total: 268 creatures vanquished

Notes
Turn   | Place    | Note
--------------------------------------------------------------
     0 | D:1      | Necrotakul the Troll Monk began the quest for the Orb.
     0 | D:1      | Reached XP level 1. HP: 22/22 MP: 0/0
   168 | D:1      | Reached XP level 2. HP: 29/29 MP: 1/1
   817 | D:2      | Reached skill level 5 in Unarmed Combat
   817 | D:2      | Reached XP level 3. HP: 35/36 MP: 2/2
  1415 | D:3      | Found a shimmering altar of Xom.
  1463 | D:3      | Noticed Terence
  1465 | D:3      | Killed Terence
  1591 | D:3      | Reached XP level 4. HP: 43/44 MP: 3/3
  2444 | D:4      | Reached XP level 5. HP: 48/52 MP: 4/4
  2916 | D:4      | Found an oddly glowing altar of Pakellas.
  2981 | D:5      | Entered Level 5 of the Dungeon
  3109 | D:5      | Reached XP level 6. HP: 50/62 MP: 5/5
  3381 | D:6      | Found a staircase to the Ecumenical Temple.
  3395 | Temple   | Entered the Ecumenical Temple
  3448 | Temple   | Became a worshipper of Cheibriados the Contemplative
  3448 | Temple   | Reached * piety under Cheibriados
  3448 | Temple   | Reached ** piety under Cheibriados
  3556 | D:6      | Reached skill level 5 in Fighting
  3654 | D:6      | Reached XP level 7. HP: 43/72 MP: 6/6
  4090 | D:6      | Found a deep blue altar of Sif Muna.
  4104 | D:6      | Found a blossoming altar of Fedhas.
  4107 | D:6      | Found a sparkling altar of Nemelex Xobeh.
  4217 | D:6      | Reached XP level 8. HP: 83/83 MP: 7/7
  4372 | D:6      | Reached skill level 5 in Dodging
  4536 | D:7      | Noticed Menkaure
  4539 | D:7      | Reached *** piety under Cheibriados
  4545 | D:7      | Killed Menkaure
  4916 | D:7      | Reached XP level 9. HP: 81/89 MP: 8/8
  5092 | D:7      | Reached skill level 1 in Invocations
  5122 | D:7      | Reached skill level 2 in Invocations
  5237 | D:7      | Noticed Crazy Yiuf
  5246 | D:7      | Killed Crazy Yiuf
  5333 | D:8      | Reached skill level 3 in Invocations
  5376 | D:8      | Learned a level 1 spell: Animate Skeleton
  5484 | D:8      | Reached **** piety under Cheibriados
  5567 | D:8      | Reached skill level 1 in Necromancy
  5590 | D:8      | Reached skill level 1 in Spellcasting
  6280 | D:8      | Learned a level 1 spell: Apportation
  6282 | D:8      | Learned a level 1 spell: Summon Butterflies
  6384 | D:9      | Noticed rastmirit's ghost (novice HaFi)
  6426 | D:9      | Reached ***** piety under Cheibriados
  6443 | D:9      | Killed rastmirit's ghost
  6443 | D:9      | Reached XP level 10. HP: 7/98 MP: 11/14
  6607 | D:9      | Found a staircase to the Lair.
  6677 | D:9      | Noticed Pikel
  6683 | D:9      | Killed Pikel
  7286 | Lair:1   | Entered Level 1 of the Lair of Beasts
  7286 | Lair:1   | Noticed a spiny frog
  7289 | Lair:1   | Noticed a black mamba
  7290 | Lair:1   | Noticed a black mamba
  7295 | D:9      | Killed a spiny frog
  7295 | D:9      | Reached skill level 4 in Invocations
  7411 | D:10     | Entered Level 10 of the Dungeon
  7425 | D:10     | Reached skill level 5 in Invocations
  7745 | D:10     | Reached skill level 6 in Invocations
  7884 | D:10     | Noticed a hill giant
  7893 | D:10     | Killed a hill giant
  8156 | D:10     | Reached skill level 7 in Invocations
  8170 | D:10     | Reached ****** piety under Cheibriados
  8170 | D:10     | Reached XP level 11. HP: 52/105 MP: 16/16
  8507 | D:11     | Identified a scroll of acquirement
  8536 | D:11     | Found Atuzuz's Antique Armour Shop.
  8618 | D:11     | Found a staircase to the Orcish Mines.
  8628 | D:11     | Found a labyrinth entrance.
  8642 | Lab      | Entered a labyrinth
  8827 | Lab      | Reached skill level 8 in Invocations
  9087 | Lab      | Reached skill level 9 in Invocations
  9450 | Lab      | Noticed a minotaur
  9464 | Lab      | HP: 2/105 [minotaur (20)]
  9464 | Lab      | Mangled by a minotaur

Skill      XL: |  1  2  3  4  5  6  7  8  9 10 11 |
---------------+----------------------------------+-----
Unarmed Combat | 5 6 7 |  7.6
Fighting       | 3 5 6 |  6.0
Dodging        | 4 7 |  7.6
Invocations    | 3 7 9 |  9.1
Necromancy     | 3 |  3.0
Spellcasting   | 3 4 |  4.4
Stealth        | |  1.1

Action                   |  1- 3 |  4- 6 |  7- 9 | 10-12 || total
-------------------------+-------+-------+-------+-------++-------
Melee: Unarmed           |    56 |   133 |   260 |   324 ||   773
       Punch             |     2 |     3 |    16 |    10 ||    31
Throw: Large rock        |     1 |       |     5 |     1 ||     7
 Cast: Summon Butterflie |       |       |       |     1 ||     1
Evoke: Wand              |       |       |     3 |       ||     3
  Use: Scroll            |       |     5 |     6 |     8 ||    19
 Stab: Sleeping          |       |     1 |     2 |     6 ||     9
       Distracted        |       |       |       |     2 ||     2
  Eat: Chunk             |     6 |    18 |    21 |    21 ||    66
       Beef jerky        |     1 |       |       |     4 ||     5
       Meat ration       |     1 |       |       |     1 ||     2
Armor: Robe              |    25 |    41 |    82 |    47 ||   195
Dodge: Dodged            |    36 |    64 |   224 |   213 ||   537
Block: Other             |       |       |       |    18 ||    18
